 Dungeon Crawl Stone Soup version 0.17-a0-2127-g1cb09f6 (console) character file.

1273 brucemayne the Cleaver (level 8, 0/87 HPs)
             Began as a Demonspawn Berserker on Oct 23, 2015.
             Was a Believer of Trog.
             Succumbed to poison (a potion of poison)
             ... on level 7 of the Dungeon.
             The game lasted 00:09:08 (2125 turns).

brucemayne the Cleaver (Demonspawn Berserker)       Turns: 2125, Time: 00:09:08

Health: 0/87       AC: 14    Str: 24 (25) XL:     8   Next: 28%
Magic:  8/8        EV: 11    Int:  8      God:    Trog [**....]
Gold:   97         SH:  0    Dex: 18      Spells: 0 memorised, 7 levels left

rFire  . . .     SeeInvis .     a - +0 hand axe
rCold  . . .     Clarity  .     w - +0 plate armour
rNeg   . . .     SustAt   .     (no shield)
rPois  .         Gourm    .     (no helmet)
rElec  .         Spirit   .     (no cloak)
rCorr  .         Warding  .     (no gloves)
rMut   .         Stasis   .     v - +0 pair of boots
MR     ++...                    (no amulet)
Stlth  ..........               (no ring)
                                (no ring)

@: agile, berserking (expiring), lethally poisoned (0 -> -11), regenerating,
very quick, very resistant to hostile enchantments, extremely unstealthy
A: molten scales 2, powered by pain 2
a: Berserk, Trog's Hand, Burn Spellbooks, Renounce Religion


You were on level 7 of the Dungeon.
You worshipped Trog.
Trog was pleased with you.
You were not hungry.

You visited 2 branches of the dungeon, and saw 8 of its levels.

You collected 97 gold pieces.

Inventory:

Hand Weapons
 a - a +0 hand axe (weapon)
 x - a +0 hand axe
Missiles
 g - 10 poisoned needles
Armour
 b - a +0 animal skin
 i - a +0 ring mail
 m - a +2 scale mail of magic resistance
 v - a +0 pair of boots (worn)
 w - a +0 plate armour (worn)
Wands
 y - a wand of lightning (6)
Scrolls
 d - 4 scrolls of identify {unknown}
 e - a scroll of recharging {unknown}
 h - 2 scrolls of noise {unknown}
 k - 2 scrolls of remove curse {unknown}
 l - 3 scrolls of enchant weapon {unknown}
 n - 4 scrolls of immolation {unknown}
 r - a scroll of teleportation {unknown}
 u - 2 scrolls of enchant armour {unknown}
Potions
 p - a potion of degeneration
 z - a potion of cure mutation {unknown}
Books
 A - a Fen Folio

   Spells                             Type                      Level
   a - Corpse Rot                     Necromancy                   2
   b - Stone Arrow                    Conjuration/Earth            3
   c - Leda's Liquefaction            Hexes/Earth                  4
   d - Summon Forest                  Summoning/Translocation      5
   e - Hydra Form                     Transmutation                6
   f - Summon Hydra                   Summoning                    7
   Trog disapproves of the use of such an item.
Comestibles
 c - 2 bread rations
 j - 2 meat rations
 s - 2 fruits
 B - a slice of pizza


   Skills:
 - Level 3.0 Fighting
 + Level 9.6 Axes
 - Level 1.7 Armour
 - Level 1.7 Dodging


You had 7 spell levels left.
You didn't know any spells.

Dungeon Overview and Level Annotations

Branches:
Dungeon (7/15)             Temple (1/1) D:7

Altars:
Ashenzari
Dithmenos
Elyvilon
Fedhas
Makhleb
Nemelex Xobeh
Okawaru
Qazlal
Ru
Vehumet
Xom
Yredelemnul
Zin
The Shining One


Innate Abilities, Weirdness & Mutations

You are mostly covered in molten scales (AC +3, EV -1).
You sometimes gain power by taking damage.


Message History

It was a potion of berserk rage.
A red film seems to cover your vision as you go berserk!
You feel yourself moving faster!
You feel mighty!
* * * LOW HITPOINT WARNING * * *
You feel very sick.
You are too berserk!
Unknown command.
You slash the orc wizard!
You kill the orc wizard!
Trog accepts your kill.
Trog appreciates your killing of a magic user.
* * * LOW HITPOINT WARNING * * *
You feel very sick.
* * * LOW HITPOINT WARNING * * *
You feel sick.
You feel a strong urge to attack something.
* * * LOW HITPOINT WARNING * * *
You feel sick.
There is an open door here.
You die...

#...#......(.+...#............#..
#...'.......(#...+.........'.....
#...#......()#...#.........#..#..
#...#............#...............
###############'#######'##..#####
#.....+ ..(.#... #.....#....
#.... #.....#... +.... #
#####.@### #>. ....#.)##'####..##
......)...........
.......)..........
..................
...##...##+##.#### ## ##### .# .
.


There were no monsters in sight!

Vanquished Creatures
  A hippogriff (D:7)
  An orc warrior (D:7)
  2 phantoms (D:7)
  An ogre (D:4)
  A centaur (D:6)
  A giant frog (D:6)
  A big kobold (D:7)
  3 orc priests
  A giant frog skeleton (D:6)
  3 orc wizards (D:7)
  4 hounds
  An iguana (D:7)
  5 worker ants
  4 adders
  6 gnolls
  A giant gecko (D:7)
  9 orcs
  3 bats (D:1)
  4 giant cockroaches
  2 goblins
  A hobgoblin (D:1)
  A quokka (D:4)
  A giant gecko skeleton (D:6)
  3 giant newts
  A jackal skeleton (D:6)
  7 kobolds
  A rat (D:3)
69 creatures vanquished.

Notes
Turn   | Place    | Note
--------------------------------------------------------------
     0 | D:1      | brucemayne the Demonspawn Berserker began the quest for the Orb.
     0 | D:1      | Reached XP level 1. HP: 18/18 MP: 1/1
   188 | D:1      | Gained mutation: You are partially covered in molten scales (AC +1). [demonic ancestry]
   188 | D:1      | Reached XP level 2. HP: 12/24 MP: 2/2
   448 | D:4      | Reached skill level 4 in Axes
   448 | D:4      | Reached XP level 3. HP: 29/29 MP: 3/3
   560 | D:4      | Gained mutation: You sometimes gain a little power by taking damage. [demonic ancestry]
   560 | D:4      | Reached XP level 4. HP: 19/35 MP: 4/4
   655 | D:3      | Reached ** piety under Trog
   715 | D:3      | Found a sparkling altar of Nemelex Xobeh.
   765 | D:4      | Noticed an ogre
   773 | D:4      | Killed an ogre
   773 | D:4      | Reached skill level 5 in Axes
   773 | D:4      | Gained mutation: You are mostly covered in molten scales (AC +3, EV -1). [demonic ancestry]
   773 | D:4      | Reached XP level 5. HP: 10/41 MP: 5/5
   881 | D:4      | Found a burning altar of Makhleb.
   881 | D:4      | Noticed a balrug
   948 | D:5      | Entered Level 5 of the Dungeon
  1099 | D:5      | Reached skill level 6 in Axes
  1209 | D:5      | Reached XP level 6. HP: 35/47 MP: 6/6
  1338 | D:6      | Reached skill level 7 in Axes
  1398 | D:6      | Gained mutation: You sometimes gain power by taking damage. [demonic ancestry]
  1398 | D:6      | Reached XP level 7. HP: 52/52 MP: 7/7
  1598 | D:7      | Reached skill level 8 in Axes
  1727 | D:7      | Found a staircase to the Ecumenical Temple.
  1756 | Temple   | Entered the Ecumenical Temple
  1908 | D:7      | Reached skill level 9 in Axes
  1908 | D:7      | Reached XP level 8. HP: 49/58 MP: 8/8
  2122 | D:7      | HP: 3/87 [poison (a potion of poison)]
  2124 | D:7      | HP: 1/87 [poison (a potion of poison)]
  2125 | D:7      | Succumbed to poison (a potion of poison)

Vault maps used:
D:1:      dpeg_arrival_arbitrary_a, st_stairs_4
D:2:      grunt_temple_overflow_open, st_stairs_2
D:3:      nemelex_diamond_rough_becter
D:4:      makhleb_altar_promises_db, first_bread, minivault_23,
          hangedman_abyss_or_decor_lesser_grid, minmay_bad_closet,
          roderic_roman_lattice, hex_medium
D:5:      lemuel_crystal_altar
D:7:      minmay_temple_entry_junction2, grunt_livestock,
          roderic_bali_sauvastika, columned_hall_lemuel
Temple:   water_room_temple_b_12

Action                   |  1- 3 |  4- 6 |  7- 9 || total
-------------------------+-------+-------+-------++-------
Melee: Hand axe          |    63 |    86 |   193 ||   342
Invok: Berserk           |     3 |     6 |     2 ||    11
       Trog's Hand       |       |     1 |     4 ||     5
  Use: Potion            |       |       |     5 ||     5
  Eat: Chunk             |     2 |     7 |     5 ||    14
       Fruit             |       |     1 |     1 ||     2
